 Dungeon Crawl Stone Soup version 0.23.0-3-gf3c87f2df8 (webtiles) character file.

Game seed: 13261855051192437102

8356 DildoBatman the Digger (level 11, -14/65 HPs)
             Began as an Octopode Wizard on Feb 22, 2019.
             Was an Elder of Kikubaaqudgha.
             Demolished by a shadow (30 damage)
             ... on level 13 of the Dungeon.
             The game lasted 00:51:50 (10971 turns).

DildoBatman the Digger (Octopode Wizard)           Turns: 10971, Time: 00:51:50

Health: -14/65     AC:  1    Str:  7    XL:     11   Next: 29%
Magic:  27/27      EV: 14    Int: 23    God:    Kikubaaqudgha [****..]
Gold:   595        SH:  4    Dex: 11    Spells: 4/20 levels left

rFire    . . .     SeeInvis .   a - +5 dagger (freeze)
rCold    . . .     Gourm    .   C - +0 buckler
rNeg     + . .     Faith    .   m - +0 hat
rPois    .         Spirit   .   (no amulet)
rElec    .         Reflect  .   d - ring of positive energy
rCorr    .         Harm     .   D - ring of magical power
MR       .....                  O - ring of stealth
Stlth    +++++.....             (no ring)
HPRegen  0.20/turn              (no ring)
MPRegen  0.20/turn              (no ring)
                                (no ring)
                                (no ring)

@: no status effects
A: almost no armour, stealthy swim, amphibious, 8 rings, constrict 8, camouflage
1, gelatinous body 1
a: Receive Corpses, Renounce Religion


You were on level 13 of the Dungeon.
You worshipped Kikubaaqudgha.
Kikubaaqudgha was greatly pleased with you.
You were not hungry.

You visited 2 branches of the dungeon, and saw 12 of its levels.

You collected 595 gold pieces.

Inventory:

Hand Weapons
 a - a +5 dagger of freezing (weapon)
 b - a +0 spear of piercing
 c - a +2 hand axe of electrocution
 e - a +0 blowgun
 W - a +0 longbow
Missiles
 g - 60 bolts
 j - 345 stones (quivered)
 n - 8 needles of confusion
 s - 94 arrows
 F - 13 tomahawks
 H - 48 sling bullets
 J - a throwing net
 N - 41 poisoned needles
 R - 5 exploding tomahawks
 T - 5 large rocks
 U - 8 curare-tipped needles
Armour
 m - a +0 hat (worn)
 C - a +0 buckler (worn)
Jewellery
 d - a ring of positive energy (left tentacle)
 D - a ring of magical power (right tentacle)
 O - a ring of stealth (on tentacle)
Wands
 A - a wand of scattershot (1)
 P - a wand of random effects (9)
Scrolls
 f - 2 scrolls of enchant weapon {unknown}
 h - 8 scrolls of teleportation
 i - 2 scrolls of amnesia {unknown}
 p - 4 scrolls of magic mapping {unknown}
 r - 3 scrolls of immolation {unknown}
 t - a scroll of enchant armour {unknown}
 u - 2 scrolls of noise {unknown}
 x - 7 scrolls of remove curse
 y - a scroll of fog {unknown}
 z - 3 scrolls of identify
 B - a scroll of fear {unknown}
 G - a scroll of brand weapon {unknown}
 I - a scroll of random uselessness {unknown}
 L - a scroll of summoning {unknown}
 M - a scroll of blinking {unknown}
Potions
 k - 4 potions of curing
 l - a potion of invisibility
 o - 4 potions of brilliance
 q - a potion of lignification
 w - 3 potions of might
 E - 2 potions of heal wounds
 K - a potion of ambrosia {unknown}
 S - a potion of flight {unknown}
Miscellaneous
 V - a phantom mirror
Comestibles
 v - 16 rations
 Q - 10 chunks of flesh


   Skills:
 * Level 2.5 Fighting
 - Level 3.0 Short Blades
 - Level 1.1 Polearms
 - Level 4.0 Dodging
 - Level 6.0 Stealth
 - Level 4.0 Shields
 * Level 5.1 Spellcasting
 - Level 4.0 Conjurations
 - Level 5.1 Charms
 - Level 1.0 Summonings
 - Level 6.0 Necromancy
   Level 1.0 Translocations
 * Level 6.1 Transmutations
 - Level 3.0 Fire Magic
 - Level 3.0 Air Magic
 * Level 6.2 Earth Magic
 - Level 6.0 Poison Magic


You had 4 spell levels left.
You knew the following spells:

 Your Spells              Type           Power        Failure   Level  Hunger
a - Conjure Flame         Conj/Fire      ###.....     7%          3    ##.....
b - Petrify               Tmut/Erth      ####....     8%          4    ####...
c - Magic Dart            Conj           ###.         1%          1    None
d - Regeneration          Chrm/Necr      ####......   2%          3    ##.....
e - Mephitic Cloud        Conj/Pois/Air  ####....     4%          3    ##.....
f - Call Imp              Summ           ##......     10%         2    None

Your spell library contained the following spells:

 Spells                   Type           Power        Failure   Level  Hunger
 Pain                     Necr           ####         1%          1    None
 Corpse Rot               Necr           N/A          1%          2    None
 Sublimation of Blood     Necr           ####......   1%          2    None
 Confusing Touch          Hex            #.....       10%         1    None
 Blink                    Tloc           N/A          10%         2    None
 Slow                     Hex            #.......     14%         2    None
 Gell's Gravitas          Tloc           ##........   19%         3    ##.....
 Confuse                  Hex            #.......     28%         3    ##.....
 Agony                    Necr           ####....     22%         5    #####..
 Borgnjor's Vile Clutch   Necr/Erth      ####......   22%         5    #####..
 Dispel Undead            Necr           ####....     22%         5    #####..
 Bolt of Draining         Conj/Necr      ####......   32%         5    #####..
 Yara's Violent Unravell  Hex/Tmut       ###.......   58%         5    #####..
 Metabolic Englaciation   Hex/Ice        #.........   95%         5    #####..
 Simulacrum               Ice/Necr       ###.......   99%         6    #######


Dungeon Overview and Level Annotations

Branches:
Dungeon (10/15)            Temple (1/1) D:6            Lair (0/6) D:10
    Orc (0/2) D:9

Altars:
Ashenzari
Cheibriados
Dithmenos
Elyvilon
Fedhas
Gozag
Hepliaklqana
Kikubaaqudgha
Makhleb
Nemelex Xobeh
Okawaru
Qazlal
Ru
Sif Muna
Trog
Uskayaw
Vehumet
Wu Jian
Xom
Yredelemnul
Zin
The Shining One

Shops:
D:4 [


Innate Abilities, Weirdness & Mutations

You cannot wear most types of armour.
You are very stealthy in the water. (Stealth+)
You are amphibious.
You can wear up to eight rings at the same time.
You can use your tentacles to constrict eight enemies at once.
Your skin changes colour to match your surroundings (Stealth+).
Your rubbery body absorbs attacks. (AC +1, EV +1)


Message History

Deactivating autopickup; reactivate with Ctrl-A.
There is an open door here.
There is an open door here.
Found a shortbow.
The shadow strikes at you from the darkness!
Reactivating autopickup.
The shadow closely misses you.
The shadow slips into darkness.
The shadow flickers and vanishes!
Deactivating autopickup; reactivate with Ctrl-A.
The shadow strikes at you from the darkness!
Reactivating autopickup.
There is an open door here.
The shadow slips into darkness.
The shadow flickers and vanishes!
Deactivating autopickup; reactivate with Ctrl-A.
Some of the chunks of flesh in your inventory have rotted away.
The shadow strikes at you from the darkness!
You die...
Kikubaaqudgha rasps: "You have failed me!
Welcome... death!"

.... #....# ....##....#
..........###############
..........'.............#
..........#..#...###....#
..>.......#..#..........#
######....#.............#
.....#....#.............#
.....#....######@.......# #
.....'....##...#........# #
.#...#....##...#........# ##
.....#....##)..#........# .
.....#....##...#........# #
.....#....##...#........#########
.....#######...#........'........
####.#######...#######'##........
# #.#.................##......##


There were no monsters in sight!

Vanquished Creatures
  A centaur warrior (D:13)
  Sonja (D:10)
  An unseen horror (D:13)
  An ugly thing (D:10)
  Grinder (D:6)
  4 trolls
  A hippogriff (D:10)
  4 yaks (D:13)
  Menkaure (D:6)
  A water moccasin (D:9)
  A hornet zombie (D:8)
  2 ice beasts
  4 sky beasts
  3 black bears
  A phantom (D:7)
  3 orc warriors
  5 ogres
  A centaur (D:7)
  2 big kobolds (D:8)
  3 bullfrogs
  A scorpion (D:4)
  4 killer bees (D:7)
  9 wights
  A howler monkey (D:6)
  3 crimson imps
  A centaur zombie (D:7)
  A jelly (D:7)
  9 orc wizards
  11 orc priests
  Crazy Yiuf (D:7)
  A centaur skeleton (D:6)
  7 hounds
  2 bullfrog skeletons
  5 worker ants
  Natasha (thrice) (D:2)
  3 iguanas (D:6)
  3 killer bee zombies
  A hound skeleton (D:5)
  2 worker ant zombies
  A howler monkey skeleton (D:6)
  9 adders
  7 gnolls
  A shadow imp (D:10)
  An ooze (D:3)
  2 adder zombies
  3 adder skeletons
  A worm (D:3)
  2 dart slugs
  4 leopard geckos
  65 orcs
  10 giant cockroaches
  6 goblins
  6 hobgoblins
  4 jackals (D:3)
  20 kobolds
  4 quokkas
  12 bats
  4 frilled lizards
  2 jackal skeletons
  A leopard gecko skeleton (D:4)
  2 quokka zombies
  7 rats
283 creatures vanquished.

Notes
Turn   | Place    | Note
-------+----------+-------------------------------------------
     0 | D:1      | DildoBatman the Octopode Wizard began the quest for the
                  | Orb.
     0 | D:1      | Reached XP level 1. HP: 11/11 MP: 4/4
   221 | D:1      | Reached XP level 2. HP: 13/17 MP: 6/6
   762 | D:2      | Reached XP level 3. HP: 21/21 MP: 7/7
   767 | D:2      | Learned a level 3 spell: Conjure Flame
   771 | D:2      | Learned a level 3 spell: Mephitic Cloud
   861 | D:2      | Reached skill level 1 in Short Blades
   937 | D:2      | Found a glowing golden altar of the Shining One.
   980 | D:2      | Noticed Natasha
   986 | D:2      | Reached XP level 4. HP: 12/27 MP: 3/8
  1130 | D:2      | Found a burning altar of Makhleb.
  1130 | D:2      | Noticed a green death
  1133 | D:2      | Noticed a ynoxinul
  1133 | D:2      | Noticed an orange demon
  1798 | D:3      | Reached XP level 5. HP: 23/31 MP: 0/9
  1864 | D:3      | Reached skill level 1 in Poison Magic
  1986 | D:3      | Reached skill level 1 in Fire Magic
  2090 | D:3      | Reached skill level 1 in Air Magic
  2645 | D:4      | Reached XP level 6. HP: 22/36 MP: 6/10
  2956 | D:4      | Found Ocacs's Antique Armour Boutique.
  3299 | D:4      | Reached XP level 7. HP: 38/41 MP: 3/11
  3317 | D:4      | Reached skill level 5 in Stealth
  3765 | D:5      | Entered Level 5 of the Dungeon
  4091 | D:5      | You fall through a shaft!
  4156 | D:6      | Found a staircase to the Ecumenical Temple.
  4181 | Temple   | Entered the Ecumenical Temple
  4283 | Temple   | Became a worshipper of Kikubaaqudgha
  4568 | D:6      | Reached skill level 1 in Shields
  4608 | D:6      | Learned a level 4 spell: Petrify
  4776 | D:6      | Reached XP level 8. HP: 45/46 MP: 6/12
  4942 | D:6      | Reached skill level 5 in Poison Magic
  4994 | D:6      | Noticed Grinder
  5037 | D:5      | Learned a level 2 spell: Call Imp
  5142 | D:5      | Reached * piety under Kikubaaqudgha
  5142 | D:5      | Identified Kikubaaqudgha's Guide on Darkness (Kikubaaqudgha
                  | gifted it to you on level 5 of the Dungeon)
  5142 | D:5      | Received a gift from Kikubaaqudgha
  5445 | D:6      | Noticed Menkaure
  5621 | D:7      | Found a sparkling altar of Nemelex Xobeh.
  5854 | D:7      | Found a runed translucent door.
  5855 | D:7      | Noticed Crazy Yiuf
  5873 | D:7      | Killed Crazy Yiuf
  5873 | D:7      | Reached skill level 1 in Fighting
  5963 | D:7      | Reached skill level 1 in Polearms
  5963 | D:7      | Reached skill level 1 in Transmutations
  5963 | D:7      | Reached skill level 1 in Earth Magic
  6231 | D:6      | Reached XP level 9. HP: 20/54 MP: 10/14
  6415 | D:6      | Killed Menkaure
  6415 | D:6      | Reached ** piety under Kikubaaqudgha
  6608 | D:6      | Killed Grinder
  6929 | D:5      | Learned a level 3 spell: Regeneration
  7050 | D:5      | Found an iron altar of Okawaru.
  7654 | D:2      | Killed Natasha
  7724 | D:2      | Noticed Natasha
  7731 | D:2      | Killed Natasha
  7842 | D:2      | Noticed Natasha
  7848 | D:2      | Killed Natasha
  7967 | D:7      | Reached skill level 1 in Charms
  7988 | D:7      | Reached skill level 1 in Necromancy
  8578 | D:8      | Reached *** piety under Kikubaaqudgha
  8578 | D:8      | Identified Kikubaaqudgha's Incunabulum of Dark Arts
                  | (Kikubaaqudgha gifted it to you on level 8 of the Dungeon)
  8578 | D:8      | Received a gift from Kikubaaqudgha
  8596 | D:8      | Reached XP level 10. HP: 35/60 MP: 2/17
  9148 | D:8      | Reached skill level 5 in Spellcasting
  9900 | D:9      | Found a staircase to the Orcish Mines.
 10008 | D:9      | Found a stormy altar of Qazlal.
 10008 | D:9      | Found a white marble altar of Elyvilon.
 10214 | D:10     | Entered Level 10 of the Dungeon
 10244 | D:10     | Found a staircase to the Lair.
 10331 | D:10     | Reached **** piety under Kikubaaqudgha
 10455 | D:10     | Noticed Sonja
 10463 | D:10     | Noticed a green ugly thing
 10464 | D:10     | Killed Sonja
 10464 | D:10     | Reached skill level 5 in Transmutations
 10464 | D:10     | Reached skill level 5 in Earth Magic
 10482 | D:10     | Killed a green ugly thing
 10683 | D:10     | You fall through a shaft for 3 floors!
 10711 | D:13     | Noticed a centaur warrior
 10726 | D:13     | Killed an unseen horror
 10726 | D:13     | Reached skill level 5 in Necromancy
 10726 | D:13     | Reached XP level 11. HP: 40/64 MP: 9/18
 10727 | D:13     | Reached skill level 5 in Charms
 10727 | D:13     | Killed a centaur warrior
 10971 | D:13     | Demolished by a shadow

Skill      XL: |  1  2  3  4  5  6  7  8  9 10 11 |
---------------+----------------------------------+-----
Conjurations   | 2 3 4 |  4.0
Short Blades   | 1 3 |  3.0
Stealth        | 3 4 6 |  6.0
Poison Magic   | 1 3 4 6 |  6.0
Fire Magic     | 1 2 3 |  3.0
Air Magic      | 1 2 3 |  3.0
Shields        | 2 4 |  4.0
Fighting       | 1 2 |  2.5
Polearms       | 1 |  1.1
Transmutations | 1 3 5 6 |  6.1
Earth Magic    | 1 3 5 6 |  6.2
Dodging        | 4 |  4.0
Spellcasting   | 4 5 |  5.1
Charms         | 2 4 5 |  5.1
Necromancy     | 2 5 6 |  6.0
Summonings     | |  1.0
Translocations | |  1.0

Action                   |  1- 3 |  4- 6 |  7- 9 | 10-12 || total
-------------------------+-------+-------+-------+-------++-------
Melee: Unarmed           |     9 |       |       |       ||     9
       Constrict         |    13 |    31 |    62 |    27 ||   133
       Dagger            |    40 |    83 |   227 |   155 ||   505
       Tentacles         |     5 |    19 |    46 |    16 ||    86
       Spear             |       |    72 |   180 |    55 ||   307
 Cast: Magic Dart        |    28 |    61 |    77 |     8 ||   174
       Mephitic Cloud    |       |    17 |    48 |    17 ||    82
       Conjure Flame     |       |     3 |    36 |    18 ||    57
       Regeneration      |       |       |     3 |     6 ||     9
       Petrify           |       |       |     2 |    13 ||    15
Evoke: Wand              |       |       |     1 |     5 ||     6
  Use: Scroll            |       |       |     7 |     1 ||     8
       Potion            |       |       |       |     2 ||     2
 Stab: Sleeping          |     7 |     1 |     4 |     9 ||    21
       Confused          |       |    10 |    16 |     6 ||    32
       Petrified         |       |       |       |    20 ||    20
       Petrifying        |       |       |       |     1 ||     1
  Eat: Chunk             |       |    10 |    17 |     8 ||    35
       Ration            |       |       |     2 |     1 ||     3
Armor: Skin              |     3 |     3 |    14 |     8 ||    28
Dodge: Dodged            |    31 |    58 |   125 |    88 ||   302
Block: Buckler           |       |       |    16 |    26 ||    42
